 Dungeon Crawl Stone Soup version 0.31-a0-699-g830162fb6c (webtiles) character file.

Game seed: 10010485153391498640

39 qw the Shooter (level 3, -3/21 HPs)
             Began as a Gargoyle Hunter on Sept 7, 2023.
             Slain by Terence
             ... wielding a +5 hand axe of draining
              (4 damage)
             ... on level 2 of the Dungeon.
             The game lasted 00:00:19 (1097 turns).

qw the Shooter (Gargoyle Hunter)                    Turns: 1097, Time: 00:00:20

Health: -3/21      AC:  8    Str: 14    XL:     3   Next: 47%
Magic:  3/3        EV: 11    Int:  9    God:
Gold:   65         SH:  0    Dex: 15    Spells: 2/2 levels left

rFire   . . .        Y - +0 shortbow
rCold   . . .        (shield currently unavailable)
rNeg    + . .        g - +0 ring mail
rPois   inf          (no helmet)
rElec   +            (no cloak)
rCorr   .            (no gloves)
SInv    .            (no boots)
Will    .....        (no amulet)
Stlth   +            (no ring)
HPRegen 0.23/turn    (no ring)
MPRegen 0.08/turn

%: no passive effects
@: no status effects
A: sickness immunity, AC +3, negative energy resistance 1, electricity
resistance, torment resistance 1, petrification resistance
a: no special abilities


You were on level 2 of the Dungeon.
You visited 1 branch of the dungeon, and saw 2 of its levels.

You collected 65 gold pieces.


Innate Abilities, Weirdness & Mutations

You are immune to sickness and miasma.
Your stone body is resilient. (AC +3)
You are immune to poison.
You resist negative energy. (rN+)
You are resistant to electric shocks. (rElec)
You are resistant to unholy torment.
You are immune to petrification.


   Skills:
 - Level 2.1 Fighting
 + Level 4.8 Ranged Weapons
 - Level 1.6 Armour
 - Level 1.5 Dodging
 - Level 1.1 Stealth


You had 2 spell levels left.
You didn't know any spells.
Your spell library was empty.

Inventory:

Hand Weapons
 Y - a +0 shortbow (weapon)
Armour
 g - a +0 ring mail (worn)
Scrolls
 a - a scroll of identify
 b - a scroll of fog {unknown}
Potions
 f - a potion of heal wounds {unknown}

Dungeon Overview and Level Annotations

Branches:
Dungeon (2/15)

Altars:

Annotations:
D:2 Terence


Message History

The adder bites you but does no damage.
You shoot an arrow. The hobgoblin shouts!
The arrow hits the adder.
You kill the adder!
You shoot an arrow.
The arrow hits the hobgoblin but does no damage.
You shoot an arrow. The arrow closely misses the hobgoblin.
You shoot an arrow.
The arrow hits the hobgoblin but does no damage.
You shoot an arrow. The arrow hits the hobgoblin.
The hobgoblin is severely wounded.
Terence the Incautious comes into view.
He is wielding a +5 hand axe of draining.
You shoot an arrow. The arrow barely misses the hobgoblin.
The arrow barely misses Terence.
Terence shouts!
The hobgoblin barely misses you. The hobgoblin closely misses you.
You shoot an arrow. The arrow hits the hobgoblin!
You kill the hobgoblin!
You shoot an arrow. The arrow hits Terence.
Terence is lightly wounded.
You shoot an arrow. The arrow hits Terence.
Terence is lightly wounded.
You shoot an arrow.
The arrow hits Terence but does no damage.
Terence is lightly wounded.
Terence hits you with a +5 hand axe of draining.
You shoot an arrow. The arrow closely misses Terence.
Terence hits you with a +5 hand axe of draining.
You shoot an arrow. The arrow closely misses Terence.
Terence hits you with a +5 hand axe of draining!
Ouch! That really hurt!
You shoot an arrow. The arrow hits Terence.
Terence is moderately wounded.
Terence barely misses you.
You shoot an arrow. The arrow hits Terence!
Terence is severely wounded.
Terence hits you but does no damage.
Terence hits you with a +5 hand axe of draining.
You die...

....#.......##.....
.................+......
#........#.......##.####
.......##.........#.#
........#.#...###.#.####
......... +.............
........###.............
........+...............
......@@###.............
........................
#####.................<.
.........).............
..................##+#.
#.................. #.
#..........###..... #.
.....####### ..... #.
..#. ... #.


You could see Terence.

Vanquished Creatures
  2 adders (D:2)
  2 ball pythons (D:1)
  3 endoplasms (D:1)
  2 goblins (D:1)
  3 hobgoblins
  3 kobolds
  2 quokkas
  A bat (D:2)
  2 frilled lizards
  A rat (D:2)
21 creatures vanquished.

Notes
Turn   | Place    | Note
-------+----------+-------------------------------------------
     0 | D:1      | qw the Gargoyle Hunter began the quest for the Orb.
     0 | D:1      | Reached XP level 1. HP: 12/12 MP: 1/1
     0 | D:1      | 0 ||| qw: Version: 0.3-a-76-g4403597
     0 | D:1      | 0 ||| qw: Game counter: 417
     0 | D:1      | 0 ||| qw: Melee chars always use a shield: true
     0 | D:1      | 0 ||| qw: God list: Okawaru
     0 | D:1      | 0 ||| qw: Allow faded altars: false
     0 | D:1      | 0 ||| qw: Do Orc after clearing Dungeon:15 true
     0 | D:1      | 0 ||| qw: Do second Lair branch before Depths: true
     0 | D:1      | 0 ||| qw: Lair rune preference: random
     0 | D:1      | 0 ||| qw: Goals: Normal
     0 | D:1      | 0 ||| PLANNING D:1-11
   122 | D:1      | Reached XP level 2. HP: 14/17 MP: 2/2
   134 | D:1      | Found a faded altar of an unknown god.
   937 | D:1      | 937 ||| UPGRADING to +0 ring mail.
   947 | D:1      | 947 ||| DROPPING +0 leather armour.
   948 | D:1      | 948 ||| READING 2 scrolls labelled TICZIOXZEKEU.
   949 | D:1      | 949 ||| READING scroll labelled YMAFEL UGOI.
   950 | D:1      | 950 ||| DROPPING scroll of butterflies.
  1053 | D:2      | Reached skill level 1 in Armour
  1053 | D:2      | Reached XP level 3. HP: 20/21 MP: 3/3
  1088 | D:2      | Noticed Terence
  1095 | D:2      | HP: 1/21 [Terence/+5 hand axe of draining (11)]
  1097 | D:2      | Slain by Terence

Levels and vault maps discovered:
D:1:      amcnicky_arrival_double_pillar, layout_basic,
          hellmonk_ecumenical_altar_crossroads
D:2:      layout_basic, uniq_terence, uniq_crazy_yiuf_cottage

Skill      XL: |  1  2 |
---------------+-------+-----
Armour         | 1 |  1.6
Fighting       | |  2.1
Ranged Weapons | |  4.8
Dodging        | |  1.5
Stealth        | |  1.1

Action                     || total
---------------------------++-------
   Fire: Shortbow          ||    83
    Use: Scroll            ||     2
 Armour: Leather armour    ||     9
         Ring mail         ||    20
  Dodge: Dodged            ||    23

Table legend:
 A = Non-vault XP
 B = Vault XP
 C = Vault XP percentage of total XP
 D = Non-vault monster count
 E = Vault monster count
 F = Vault count percentage of total count
                 A         B        C        D         E       F
            +---------+---------+-------+---------+---------+-------
      Total |      57 |       0 |   0.0 |      21 |       0 |   0.0
            +---------+---------+-------+---------+---------+-------
        D:1 |      21 |       0 |   0.0 |      12 |       0 |   0.0
        D:2 |      36 |       0 |   0.0 |       9 |       0 |   0.0
            +---------+---------+-------+---------+---------+-------
